 Dungeon Crawl Stone Soup version 0.18-a0-596-g6468885 (webtiles) character file.

132 4thArraOfDagon the Chopper (level 4, -6/41 HPs)
             Began as a Minotaur Berserker on Dec 4, 2015.
             Was a Follower of Trog.
             Mangled by an ice beast (11 damage)
             ... while paralysed
             ... on level 5 of the Dungeon.
             The game lasted 00:01:34 (296 turns).

4thArraOfDagon the Chopper (Minotaur Berserker)      Turns: 296, Time: 00:01:35

Health: -6/41      AC:  4    Str: 21      XL:     4   Next: 92%
Magic:  3/3        EV:  2    Int:  5      God:    Trog [*.....]
Gold:   31         SH:  0    Dex:  8 (10) Spells: 0 memorised, 3 levels left

rFire  . . .     SeeInvis .     a - +0 hand axe
rCold  . . .     Clarity  .     b - +0 animal skin
rNeg   . . .     SustAt   .     (no shield)
rPois  .         Gourm    .     (helmet restricted)
rElec  .         Spirit   .     d - +0 cloak
rCorr  .         Dismiss  .     f - +0 pair of gloves
rMut   .         Stasis   .     (no boots)
MR     .....                    (no amulet)
Stlth  +.........               (no ring)
                                (no ring)

@: paralysed, exhausted, slowed, not resistant to hostile enchantments, very
unstealthy
A: retaliatory headbutt, horns 2
a: Berserk, Burn Spellbooks, Renounce Religion


You were on level 5 of the Dungeon.
You worshipped Trog.
Trog was aware of your devotion.
You were not hungry.

You visited 1 branch of the dungeon, and saw 5 of its levels.

You collected 31 gold pieces.

Inventory:

Hand Weapons
 a - a +0 hand axe (weapon)
Armour
 b - a +0 animal skin (worn)
 d - a +0 cloak (worn)
 e - a +0 scale mail
 f - a +0 pair of gloves (worn)
Wands
 h - a wand of invisibility (4)
Potions
 g - a potion of might {unknown}
 i - a potion of magic {unknown}
Comestibles
 c - a bread ration


   Skills:
 + Level 4.6 Fighting
 * Level 5.5 Axes
 + Level 3.5 Armour
 - Level 2.1 Dodging


You had 3 spell levels left.
You didn't know any spells.

Dungeon Overview and Level Annotations

Branches:
Dungeon (5/15)
 Temple: D:4-7

Altars:

Annotations:
D:4 M4edhros's ghost, amateur OpAr


Innate Abilities, Weirdness & Mutations

You reflexively headbutt those who attack you in melee.
You have a pair of horns on your head.


Message History

Trog accepts your kill.
You feel your dexterity returning.
The shadow imp shouts, "Flee, thou impertinent clay-brained simpleton!"
You hit the adder.
The adder is moderately wounded.
The adder closely misses you. You furiously retaliate!
You headbutt the adder!
You kill the adder!
Trog accepts your kill.
You are no longer berserk.
You pass out from exhaustion.
You feel yourself slow down. The shadow imp hits you.
The ice beast hits you but does no damage.
The shadow imp hits you but does no damage.
The ice beast hits you. The ice beast freezes you!
* * * LOW HITPOINT WARNING * * *
The shadow imp hits you but does no damage.
The ice beast hits you.
* * * LOW HITPOINT WARNING * * *
The ice beast freezes you!
You die...

. .# .###.# ...
### #....# ..
....####.#..+..
...........)#.. .
.................
.......<.# .##[#
........Y##....#.#
....#.#.5@.).....#
.........##.[....#
. ....#..# .......
.......... .......
.......(.# .......
.........# .......
......... .......
......# #..##..


You could see an ice beast and a shadow imp.

Vanquished Creatures
  An ogre (D:5)
  A quasit (D:5)
  An adder (D:5)
  2 bats (D:1)
  2 hobgoblins (D:1)
  A kobold (D:1)
  A ball python (D:1)
  A giant gecko skeleton (D:4)
  2 rats
12 creatures vanquished.

Notes
Turn   | Place    | Note
--------------------------------------------------------------
     0 | D:1      | 4thArraOfDagon the Minotaur Berserker began the quest for the Orb.
     0 | D:1      | Reached XP level 1. HP: 19/19 MP: 0/0
     3 | D:1      | Noticed a draconian
     5 | D:1      | Noticed a human
     7 | D:1      | Noticed an octopode
     7 | D:1      | Noticed a ghoul
     9 | D:1      | Noticed a dwarf
     9 | D:1      | Noticed a gargoyle
    11 | D:1      | Noticed a merfolk
    13 | D:1      | Noticed a demonspawn
    13 | D:1      | Noticed a spriggan
    15 | D:1      | Noticed an elf
    15 | D:1      | Noticed a naga
    17 | D:1      | Noticed a tengu
    17 | D:1      | Noticed an ogre
    19 | D:1      | Noticed a demigod
    21 | D:1      | Noticed a felid
    21 | D:1      | Noticed a vine stalker
    23 | D:1      | Noticed a centaur
    23 | D:1      | Noticed a formicid
    25 | D:1      | Noticed a troll
    27 | D:1      | Noticed a minotaur
    27 | D:1      | Noticed a vampire
   102 | D:1      | Reached skill level 4 in Axes
   106 | D:1      | Reached XP level 2. HP: 24/27 MP: 1/1
   272 | D:4      | Noticed M4edhros's ghost (amateur OpAr)
   276 | D:5      | Entered Level 5 of the Dungeon
   276 | D:5      | Noticed an ice beast
   277 | D:5      | Noticed an ogre
   282 | D:5      | Killed an ogre
   282 | D:5      | Reached skill level 5 in Axes
   282 | D:5      | Reached XP level 3. HP: 34/34 MP: 2/2
   282 | D:5      | Reached XP level 4. HP: 41/41 MP: 3/3
   296 | D:5      | Mangled by an ice beast

Vault maps used:
D:1:      kb_arrival_jail
D:2:      first_bread
D:3:      nicolae_overflow_crystal_walls, uniq_crazy_yiuf_cottage
D:4:      uniq_blork_the_orc
D:5:      grunt_qazlal_clouds

Action                   |  1- 3 |  4- 6 || total
-------------------------+-------+-------++-------
Melee: Hand axe          |    12 |    11 ||    23
Invok: Berserk           |     1 |       ||     1
  Use: Scroll            |     3 |       ||     3
